 Dungeon Crawl Stone Soup version 0.24.0-37-gcf1ca852f1 (webtiles) character file.

Game seed: 10860190239965416272, levelgen mode: deterministic

613 Flugslaktarn the Chopper (level 7, -8/61 HPs)
             Began as a Minotaur Fighter on Nov 29, 2019.
             Killed by divine providence
             ... invoked by an orc priest
              (12 damage)
             ... on level 4 of the Dungeon.
             The game lasted 00:01:31 (3422 turns).

Flugslaktarn the Chopper (Minotaur Fighter)         Turns: 3422, Time: 00:01:32

Health: -8/61      AC: 13    Str: 23    XL:     7   Next: 20%
Magic:  6/6        EV:  4    Int:  5    God:
Gold:   172        SH: 10    Dex:  9    Spells: 6/6 levels left

rFire    . . .     SeeInvis .   a - +0 war axe
rCold    . . .     Gourm    .   c - +0 shield
rNeg     . . .     Faith    .   n - +0 plate armour
rPois    .         Spirit   .   (helmet restricted)
rElec    .         Reflect  .   o - +0 cloak
rCorr    .         Harm     .   (no gloves)
MR       .....                  (no boots)
Stlth    ..........             (no amulet)
HPRegen  0.20/turn              (no ring)
MPRegen  0.10/turn              (no ring)

@: no status effects
A: retaliatory headbutt, horns 2
a: no special abilities


You were on level 4 of the Dungeon.
You were not hungry.

You visited 1 branch of the dungeon, and saw 4 of its levels.

You collected 172 gold pieces.

Inventory:

Hand Weapons
 a - a +0 war axe (weapon)
Armour
 c - a +0 shield (worn)
 n - a +0 plate armour (worn)
   (You found it on level 1 of the Dungeon)
 o - a +0 cloak (worn)
   (You found it on level 2 of the Dungeon)
Scrolls
 b - a scroll of amnesia {unknown}
 g - 3 scrolls of immolation {unknown}
 h - a scroll of random uselessness {unknown}
 i - a scroll of enchant weapon {unknown}
 j - 3 scrolls of blinking {unknown}
 m - 3 scrolls of teleportation {unknown}
 q - a scroll of identify {unknown}
 r - a scroll of fear {unknown}
 s - a scroll of enchant armour {unknown}
Potions
 d - 2 potions of might
 k - 2 potions of curing {unknown}
 l - a potion of brilliance {unknown}
 p - 3 potions of heal wounds {unknown}
Comestibles
 e - 6 rations
 f - 7 chunks of flesh


   Skills:
 + Level 5.4 Fighting
 * Level 6.4 Axes
 + Level 5.4 Armour
 + Level 5.4 Shields


You had 6 spell levels left.
You didn't know any spells.
Your spell library was empty.

Dungeon Overview and Level Annotations

Branches:
Dungeon (4/15)
 Temple: D:4-7

Altars:
Vehumet
Yredelemnul


Innate Abilities, Weirdness & Mutations

You reflexively headbutt those who attack you in melee.
You have a pair of horns on your head.


Message History

You are too injured to fight recklessly!
You are too injured to fight recklessly!
You are too injured to fight recklessly!
You are too injured to fight recklessly!
You are too injured to fight recklessly!
You are too injured to fight recklessly!
You are too injured to fight recklessly!
You are too injured to fight recklessly!
Unknown command.
The orc warrior hits you from afar with a +0 halberd.
* * * LOW HITPOINT WARNING * * *
The orc wizard casts a spell.
The orc wizard flickers and vanishes!
Deactivating autopickup; reactivate with Ctrl-A.
The orc priest mumbles some strange prayers to Beogh against you.
Pain shoots through your body!
* * * LOW HITPOINT WARNING * * *
The orc priest mumbles some strange prayers to Beogh against you.
Beogh smites you!
You die...

# 8... ####### #.# ..$ ....#
#.....# (. .$ ##...### #.....#
#(#.#. ..... #####.....#
#...)##....########.........#
#.o.##..........'..........
###..#..........#.........#
#######o#.########.#.###.....#
........o....@.....#.# #######
....#....######......#
#.#####.####<.........#
........#########.....# #
#.....................# #
.............####.....# #
#.##########.## #.....# # #
#..# #####.# # ##.##### #.#
######


You could see an orc warrior and an orc priest.

Vanquished Creatures
  Duvessa (D:4)
  An ogre (D:4)
  Dowan (D:4)
  A howler monkey (D:4)
  A crimson imp (D:4)
  An orc priest (D:4)
  An orc wizard (D:4)
  An iguana (D:4)
  A worker ant (D:4)
  4 gnolls (D:2)
  7 adders
  2 worms
  2 dart slugs (D:2)
  4 leopard geckos
  13 orcs
  4 giant cockroaches
  2 goblins (D:1)
  3 hobgoblins
  5 jackals
  3 quokkas
  2 ball pythons
  9 bats
  4 frilled lizards
  4 kobolds
  5 rats
82 creatures vanquished.

Notes
Turn   | Place    | Note
-------+----------+-------------------------------------------
     0 | D:1      | Flugslaktarn the Minotaur Fighter began the quest for the
                  | Orb.
     0 | D:1      | Reached XP level 1. HP: 19/19 MP: 0/0
   170 | D:1      | Reached XP level 2. HP: 27/27 MP: 1/1
   485 | D:1      | Reached skill level 3 in Axes
   589 | D:2      | Found a basalt altar of Yredelemnul.
   599 | D:2      | Reached XP level 3. HP: 33/33 MP: 2/2
  1009 | D:2      | Reached XP level 4. HP: 40/40 MP: 3/3
  1239 | D:2      | Reached skill level 4 in Axes
  1764 | D:3      | Found a radiant altar of Vehumet.
  1987 | D:3      | Reached XP level 5. HP: 42/47 MP: 4/4
  2155 | D:3      | Found a faded altar of an unknown god.
  2765 | D:4      | Reached skill level 5 in Axes
  2887 | D:4      | Reached XP level 6. HP: 39/55 MP: 5/5
  3041 | D:4      | Noticed Dowan
  3041 | D:4      | Noticed Duvessa
  3042 | D:4      | Reached skill level 5 in Fighting
  3054 | D:4      | Killed Duvessa
  3054 | D:4      | Reached skill level 5 in Armour
  3054 | D:4      | Reached skill level 5 in Shields
  3063 | D:4      | Killed Dowan
  3063 | D:4      | Reached skill level 6 in Axes
  3301 | D:4      | Reached XP level 7. HP: 61/61 MP: 6/6
  3422 | D:4      | Killed from afar by an orc priest

Levels and vault maps discovered:
D:1:      dpeg_arrival_tiny_b, layout_rooms, serial_bayou_pond_c
D:2:      layout_basic, lemuel_round_altar, minmay_misc_feat_columns,
          hangedman_decor_growths
D:3:      layout_loops_corners, fiery_altar_vehumet,
          chequers_ecumenical_altar_simple, first_ration
D:4:      layout_basic, guppyfry_early_orc_mine, uniq_duvessa

Skill      XL: |  1  2  3  4  5  6 |
---------------+-------------------+-----
Axes           | 3 4 5 6 |  6.4
Fighting       | 4 5 |  5.4
Armour         | 4 5 |  5.4
Shields        | 4 5 |  5.4

Action                   |  1- 3 |  4- 6 |  7- 9 || total
-------------------------+-------+-------+-------++-------
Melee: War axe           |    83 |   134 |     6 ||   223
       Headbutt          |    11 |    21 |       ||    32
  Eat: Chunk             |       |     8 |       ||     8
Armor: Scale mail        |    38 |       |       ||    38
       Plate armour      |    37 |    71 |     7 ||   115
Dodge: Dodged            |    30 |    25 |     2 ||    57
Block: Shield            |    48 |    65 |     8 ||   121
